 Dungeon Crawl Stone Soup version 0.25-a0-435-g4b9beb1024 (webtiles) character file.

Game seed: 9916049259945894768, levelgen mode: deterministic

150167 Esekla the Carver (level 17, -3/85 HPs)
             Began as a Vine Stalker Warper on Jan 25, 2020.
             Was the Champion of Vehumet.
             Shot with a bolt by a naga sharpshooter (15 damage)
             ... on level 3 of the Snake Pit on Jan 26, 2020.
             The game lasted 07:15:03 (28684 turns).

Esekla the Carver (Vine Stalker Warper)            Turns: 28684, Time: 07:15:03

Health: -3/85      AC: 20    Str: 12    XL:     17   Next: 53%
Magic:  0/38       EV: 17    Int: 20    God:    Vehumet [******]
Gold:   1095       SH:  4    Dex: 15    Spells: 0/42 levels left

rFire    . . .     SeeInvis +   e - +8 long sword (elec)
rCold    . . .     Gourm    .   (no shield)
rNeg     + + .     Faith    .   A - +4 troll leather armour
rPois    +         Spirit   +   q - +2 hat
rElec    .         Reflect  +   Y - +2 cloak {MR+}
rCorr    .         Harm     .   D - +2 pair of gloves
MR       ++++.                  h - +2 pair of boots {Stlth+}
Stlth    ++++......             G - +4 amulet of reflection
HPRegen  1.44/turn              F - ring "Bufaqoej" {rPois rN+ MR+ SInv}
MPRegen  0.26/turn              R - ring "Inwisobu" {+Inv rN+ Str-3 Int+2 Slay+4}

@: no status effects
A: claws 1, fangs 3, high mp 1, regeneration 2, magic shield, antimagic bite, no
potion heal 3, rot immunity, subdued magic 1
a: Renounce Religion, Evoke Invisibility


You were on level 3 of the Snake Pit.
You worshipped Vehumet.
Vehumet was exalted by your worship.
You were not hungry.

You visited 4 branches of the dungeon, and saw 26 of its levels.
You visited 1 bazaar.
You also visited: Trove, Gauntlet and Ice Cave.

You collected 2565 gold pieces.
You spent 1470 gold pieces at shops.

Inventory:

Hand Weapons
 a - the +1 double sword "Irhaacih" {vamp, rF- Dex+6}
   (You found it in a treasure trove)

   It inflicts no extra harm, but heals its wielder when it wounds a living foe.
   It affects your dexterity (+6).
   It makes you vulnerable to fire.
 c - the +10 quarterstaff "Muxi" {vamp, rPois MR+++ Str-5}
   (You found it in a treasure trove)

   It inflicts no extra harm, but heals its wielder when it wounds a living foe.
   It affects your strength (-5).
   It protects you from poison.
   It affects your resistance to hostile enchantments.
 e - a +8 long sword of electrocution (weapon)
 I - a +4 scimitar of flaming
Missiles
 p - 21 boomerangs (quivered)
 S - 4 silver javelins
 W - 5 boomerangs of dispersal
Armour
 h - a +2 pair of boots of stealth (worn)
 q - a +2 hat (worn)
 A - a +4 troll leather armour (worn)
 D - a +2 pair of gloves (worn)
 Y - a +2 cloak of magic resistance (worn)
Magical Staves
 u - an uncursed staff of energy
Jewellery
 l - an uncursed ring of protection from cold
 r - an uncursed ring of wizardry
 w - a +3 ring of protection
 z - an uncursed ring of flight
 F - the ring "Bufaqoej" (left hand) {rPois rN+ MR+ SInv}
   (You acquired it in a treasure trove)

   [ring of positive energy]

   It protects you from poison.
   It protects you from negative energy.
   It affects your resistance to hostile enchantments.
   It lets you see invisible.
 G - a +4 amulet of reflection (around neck)
 R - the ring "Inwisobu" (right hand) {+Inv rN+ Str-3 Int+2 Slay+4}
   (You found it in a Gauntlet)

   [ring of positive energy]

   It affects your strength (-3).
   It affects your intelligence (+2).
   It affects your accuracy and damage with ranged weapons and melee attacks
   (+4).
   It protects you from negative energy.
   It lets you turn invisible.
 V - an uncursed ring of fire
 Z - an uncursed ring of ice
Wands
 b - a wand of digging (9)
 o - a wand of acid (11)
 C - a wand of flame (105)
 L - a wand of polymorph (10)
 N - a wand of paralysis (4)
 O - a wand of iceblast (40)
 X - a wand of disintegration (41)
Scrolls
 d - a scroll of amnesia
 g - 15 scrolls of remove curse
 n - 9 scrolls of fog
 v - 2 scrolls of enchant armour
 E - 9 scrolls of teleportation
 H - a scroll of magic mapping
 J - 7 scrolls of identify
 P - 2 scrolls of holy word
 T - a scroll of blinking
Potions
 j - 8 potions of curing
 k - 3 potions of haste
 m - 6 potions of cancellation
 s - 4 potions of might
 t - a potion of magic
 x - a potion of berserk rage
 B - 3 potions of lignification
 K - 4 potions of resistance
 M - 2 potions of agility
 Q - 2 potions of brilliance
 U - a potion of mutation
Miscellaneous
 i - a lightning rod (4/4)
Comestibles
 f - 46 rations


   Skills:
 + Level 8.2 Fighting
   Level 5.4(10.4) Short Blades
 * Level 13.4(13.7) Long Blades
 + Level 2.8 Throwing
 + Level 3.7 Armour
 + Level 8.0 Dodging
 + Level 6.7 Stealth
 * Level 13.0 Spellcasting
 * Level 5.6 Conjurations
 + Level 5.6 Hexes
 + Level 6.7 Charms
 * Level 5.3 Summonings
 + Level 5.6 Translocations
 * Level 5.0 Fire Magic
 * Level 9.2 Ice Magic
 + Level 4.2 Air Magic
 + Level 4.4 Earth Magic
 * Level 6.0 Poison Magic
 * Level 4.3 Evocations


You couldn't memorise any spells.
You knew the following spells:

 Your Spells              Type           Power        Failure   Level  Hunger
a - Ozocubu's Armour      Chrm/Ice       ####....     1%          3    None
b - Blink                 Tloc           N/A          1%          2    None
c - Stone Arrow           Conj/Erth      ####..       1%          3    None
d - Magic Dart            Conj           ####         1%          1    None
e - Searing Ray           Conj           ####..       1%          2    None
f - Fireball              Conj/Fire      ####......   4%          5    ####...
g - Shroud of Golubria    Chrm/Tloc      ####..       1%          2    None
h - Lee's Rapid Deconstr  Erth           ###.......   7%          5    ####...
l - Summon Lightning Spi  Summ/Air       ###.....     7%          4    None
r - Ozocubu's Refrigerat  Ice            #####.....   5%          6    #####..
s - Song of Slaying       Chrm           ####....     1%          2    None
w - Spectral Weapon       Hex/Chrm       ####....     1%          3    None
x - Olgreb's Toxic Radia  Pois           ####....     1%          4    None

Your spell library contained the following spells:

 Spells                   Type           Power        Failure   Level  Hunger
 Corona                   Hex            ####...      1%          1    None
 Infusion                 Chrm           ####         1%          1    None
 Summon Small Mammal      Summ           ####         1%          1    None
 Call Imp                 Summ           ####....     1%          2    None
 Slow                     Hex            ####....     1%          2    None
 Call Canine Familiar     Summ           ####....     1%          3    None
 Confusing Touch          Hex            ####....     1%          3    None
 Gell's Gravitas          Tloc           ####......   1%          3    None
 Ignite Poison            Fire/Tmut/Pois ###.....     1%          3    None
 Inner Flame              Hex/Fire       ####....     1%          3    None
 Lesser Beckoning         Tloc           ####......   1%          3    None
 Portal Projectile        Hex/Tloc       ####..       1%          3    None
 Recall                   Summ/Tloc      N/A          1%          3    None
 Summon Guardian Golem    Hex/Summ       ####....     1%          3    None
 Teleport Other           Tloc           ####....     1%          3    None
 Fulminant Prism          Conj/Hex       ####......   1%          4    None
 Hailstorm                Conj/Ice       ####....     1%          4    None
 Summon Ice Beast         Ice/Summ       ####....     2%          4    None
 Cause Fear               Hex            ####......   4%          4    None
 Passage of Golubria      Tloc           N/A          4%          4    None
 Bolt of Magma            Conj/Fire/Erth ####......   5%          5    ####...
 Leda's Liquefaction      Hex/Erth       ####......   7%          4    None
 Metabolic Englaciation   Hex/Ice        ####......   7%          5    ####...
 Yara's Violent Unravell  Hex/Tmut       ###.......   13%         5    ####...
 Petrify                  Tmut/Erth      ###.....     22%         4    None
 Starburst                Conj/Fire      ####......   24%         6    #####..
 Animate Dead             Necr           N/A          50%         4    None
 Borgnjor's Vile Clutch   Necr/Erth      ###.......   54%         5    ####...
 Invisibility             Hex            ####....     65%         6    #####..
 Simulacrum               Ice/Necr       ###.......   80%         6    #####..
 Ring of Flames           Chrm/Fire      ####......   99%         7    #######
 Death Channel            Necr           ##........   100%        6    #####..
 Ignition                 Fire           ####......   100%        8    #######


Dungeon Overview and Level Annotations

Branches:
Dungeon (15/15)            Temple (0/1) D:6            Lair (6/6) D:10
 Shoals (0/4) Lair:3        Snake (3/4) Lair:4        Slime (0/5) Lair:6
    Orc (2/2) D:12            Elf (0/3) Orc:2        Vaults (0/5) D:13
 Depths (0/5) D:15          IceCv (visited)         Gauntlet (visited)

Altars:
Ashenzari
Cheibriados
Elyvilon
Gozag
Makhleb
Qazlal
Trog
Vehumet
Xom
Yredelemnul
Zin
The Shining One
Beogh

Shops:
D:2 *   D:10 %   Orc:2 [[[!   Snake:2 **}   Snake:3 (

Annotations:
Snake:2 3 runed translucent doors, exclusion: obsidian statue, kinoniko's ghost, adept MiFi


Innate Abilities, Weirdness & Mutations

You have razor-sharp teeth.
You heal very quickly.
When hurt, damage is shared between your health and your magic reserves.
Your bite disrupts and absorbs the magic of your enemies.
Potions cannot restore your health.
You are immune to rotting.
You have sharp fingernails.
You have an increased reservoir of magic. (+10% MP)
Your spells are a little easier to cast, but a little less powerful.


Message History

You assume a fearsome visage.
Your spectral weapon is unaffected.
The naga sharpshooter resists with some effort.
The naga easily resists.
The naga sharpshooter looks frightened!
The naga sharpshooter gestures wildly while chanting.
The naga sharpshooter magically shoots an arrow.
The arrow hits you!!
* * * LOW HITPOINT WARNING * * *
Okay, then.
Okay, then.
As you read the scroll of fear, it crumbles to dust.
You assume a fearsome visage.
Your spectral weapon is unaffected.
The naga sharpshooter looks frightened!
The naga looks frightened!
The naga loses its grip on you.
Your icy armour cracks and falls away as you move.
The naga sharpshooter seems to regain its courage.
Cornered, the naga sharpshooter turns to fight!
The naga sharpshooter shoots a bolt.
The bolt hits you!
You die...

#......... #......... ...
#.######## #... #.#......#
###... #.#......#
#.....############.#......#
#...............>..#......#
#N.................#+#'####
#.......(@................
#.........................
#N.(................(...(.
#....................)....
##..(.#(................((
#...((.......#.......##..
#..#.∩.#.....##......##..
##N......##..############
#############


You could see a naga sharpshooter and a friendly spectral +8 long sword of
electrocution.

Vanquished Creatures
  Gastronok (Lair:3)
  Kirke (Lair:4)
  A frost giant (IceCv)
  The ghost of Bodu the Basher, a journeyman NaFi of Ashenzari (Lair:5)
  A caustic shrike skeleton (D:15)
  Nessos (D:15)
  A minotaur (Gauntlet)
  A quicksilver dragon zombie (D:15)
  6 ogre magi
  Erolcha (D:9)
  6 naga warriors
  9 hydras
  A rakshasa (D:13)
  6 anacondas
  5 centaur warriors
  A death knight (D:13)
  Erica (D:8)
  2 death scarabs (Gauntlet)
  15 two-headed ogres
  5 death yaks
  3 tengu warriors (D:13)
  Urug (Lair:1)
  A vampire mage (D:14)
  3 shock serpents
  7 naga sharpshooters
  A spectral death yak (Gauntlet)
  7 skeletal warriors
  A sea snake (Snake:2)
  A naga ritualist (Snake:1)
  An unseen horror (shapeshifter) (D:13)
  2 unseen horrors (D:13)
  A lindwurm (D:13)
  A tengu zombie (D:15)
  2 orc knights
  A necromancer (D:15)
  A wolf spider (Lair:6)
  Pikel (D:5)
  3 mana vipers
  5 deep elf magi
  10 ugly things
  2 orc sorcerers
  An orb spider (shapeshifter) (D:13)
  7 cyclopes
  2 manticores
  4 salamanders
  A merfolk siren (Lair:3)
  12 elephants
  24 black mambas
  2 guardian serpents
  Maurice (D:8)
  5 naga magi
  Joseph (D:7)
  Maggie (D:10)
  16 spiny frogs
  2 ice statues (IceCv)
  A gargoyle (D:15)
  A yaktaur zombie (D:15)
  4 komodo dragons
  11 rime drakes
  5 yaktaurs (D:15)
  2 merfolk (Lair:3)
  A tengu conjurer (D:15)
  2 queen bees
  5 meliai
  15 polar bears
  6 trolls
  9 blink frogs
  Prince Ribbit (D:6)
  A spectral dream sheep (Gauntlet)
  5 hornets
  20 hippogriffs
  6 slime creatures (D:15)
  Grinder (D:5)
  2 shadows (D:13)
  2 redbacks (Lair:6)
  3 centaur simulacra
  A wraith (D:13)
  18 wyverns
  26 yaks
  Sigmund (D:3)
  A ynoxinul (Gauntlet)
  Eustachio (D:6)
  7 basilisks
  2 spectral spiny frogs (Gauntlet)
  A hog (Lair:4)
  A chaos spawn (Gauntlet)
  3 vampire mosquitoes (D:12)
  A neqoxec (Gauntlet)
  Edmund (D:4)
  22 nagas
  2 acid dragons (D:13)
  7 porcupines
  15 water moccasins
  3 ice beasts
  16 orc warriors
  5 black bears
  5 sky beasts
  2 slaves (D:5)
  An eye of draining (D:15)
  34 ogres
  A phantom (D:10)
  15 wolves
  10 crocodiles
  11 centaurs
  5 big kobolds
  14 bullfrogs
  2 wyvern skeletons
  4 scorpions
  31 killer bees
  4 wights (D:11)
  2 howler monkeys
  3 electric eels
  6 centaur zombies
  5 bullfrog zombies
  4 hounds
  4 jellies
  6 crimson imps
  10 orc priests
  Crazy Yiuf (D:2)
  6 centaur skeletons
  3 bullfrog skeletons
  5 iguanas
  2 iron imps (Gauntlet)
  Terence (D:3)
  27 orc wizards
  Ijyb (D:5)
  12 worker ants
  A killer bee zombie (D:5)
  A hound zombie (D:9)
  A hound skeleton (D:7)
  2 worker ant zombies (D:11)
  7 gnolls
  16 adders
  2 shadow imps
  2 oozes (D:2)
  3 worms
  5 dart slugs
  4 leopard geckos
  91 orcs
  A ball python (D:4)
  5 bats
  5 giant cockroaches
  10 goblins
  9 hobgoblins
  4 jackals (D:8)
  8 quokkas
  7 frilled lizards
  29 kobolds
  2 leopard gecko skeletons
  A quokka skeleton (D:9)
  4 rats
  A fungus (D:2)
895 creatures vanquished.

Vanquished Creatures (collateral kills)
  A merfolk (Lair:3)
  A bullfrog (Lair:3)
2 creatures vanquished.

Vanquished Creatures (others)
  A shadow (D:15)
  9 fungi
  3 plants
  30 spectral weapons
  A withered plant (D:15)
44 creatures vanquished.

Grand Total: 941 creatures vanquished

Notes
Turn   | Place    | Note
-------+----------+-------------------------------------------
     0 | D:1      | Esekla the Vine Stalker Warper began the quest for the Orb.
     0 | D:1      | Reached XP level 1. HP: 11/11 MP: 4/4
   191 | D:1      | Reached XP level 2. HP: 11/15 MP: 3/6
   196 | D:1      | Learned a level 2 spell: Shroud of Golubria
   199 | D:1      | Learned a level 2 spell: Blink
   414 | D:2      | Reached skill level 1 in Armour
   414 | D:2      | Reached XP level 3. HP: 18/18 MP: 7/7
   586 | D:2      | Found Gozag's Platinum Reserve.
   589 | D:2      | Found an opulent altar of Gozag.
  1112 | D:2      | Gained mutation: Your natural rate of healing is unusually
                  | fast. [Vine Stalker growth]
  1112 | D:2      | Reached XP level 4. HP: 23/23 MP: 9/9
  1446 | D:2      | Found a runed translucent door.
  1447 | D:2      | Noticed Crazy Yiuf
  1461 | D:2      | Killed Crazy Yiuf
  1461 | D:2      | Reached skill level 1 in Charms
  2000 | D:2      | Reached XP level 5. HP: 25/27 MP: 7/10
  2411 | D:3      | Reached skill level 1 in Throwing
  2430 | D:3      | Noticed Sigmund
  2446 | D:3      | Killed Sigmund
  2446 | D:3      | Reached XP level 6. HP: 22/32 MP: 10/12
  2479 | D:3      | Noticed Terence
  2494 | D:3      | Killed Terence
  2633 | D:3      | Found a shimmering altar of Xom.
  2783 | D:3      | Reached XP level 7. HP: 32/35 MP: 11/13
  2988 | D:4      | Found a white marble altar of Elyvilon.
  3076 | D:4      | Noticed Edmund
  3121 | D:4      | Killed Edmund
  3410 | D:4      | Found a glowing silver altar of Zin.
  3666 | D:4      | Gained mutation: You have razor-sharp teeth. [Vine Stalker
                  | growth]
  3666 | D:4      | Reached XP level 8. HP: 40/40 MP: 15/15
  3722 | D:5      | Entered Level 5 of the Dungeon
  4039 | D:5      | Noticed Pikel
  4521 | D:5      | Noticed Ijyb
  4540 | D:5      | Killed Ijyb
  4540 | D:5      | Reached skill level 5 in Long Blades
  4614 | D:5      | Found a burning altar of Makhleb.
  4614 | D:5      | Found a radiant altar of Vehumet.
  4623 | D:5      | Became a worshipper of Vehumet
  4671 | D:6      | Found a basalt altar of Yredelemnul.
  4671 | D:6      | Found Roottuock's Profane Products.
  4675 | D:6      | Noticed Prince Ribbit
  4719 | D:5      | Noticed Grinder
  4796 | D:6      | Noticed Eustachio
  4906 | D:5      | Reached skill level 5 in Spellcasting
  5031 | D:5      | Killed Grinder
  5031 | D:5      | Reached XP level 9. HP: 43/45 MP: 16/18
  5118 | D:5      | Killed Pikel
  5118 | D:5      | Reached skill level 1 in Short Blades
  5184 | D:6      | Killed Prince Ribbit
  5409 | D:6      | Reached * piety under Vehumet
  5409 | D:6      | Offered knowledge of Freeze by Vehumet.
  5663 | D:8      | Found a glowing golden altar of the Shining One.
  6060 | D:8      | Noticed Erica
  6210 | D:6      | Killed Eustachio
  6210 | D:6      | Reached XP level 10. HP: 49/51 MP: 21/21
  6327 | D:6      | Found a staircase to the Ecumenical Temple.
  6647 | D:7      | Reached skill level 5 in Translocations
  6694 | D:7      | Noticed Joseph
  6710 | D:7      | Killed Joseph
  6852 | D:7      | Offered knowledge of Magic Dart by Vehumet.
  6863 | D:7      | Learned a level 1 spell: Magic Dart
  6885 | D:8      | Reached ** piety under Vehumet
  7306 | D:8      | Reached skill level 1 in Conjurations
  7452 | D:9      | Reached skill level 5 in Fighting
  7904 | D:9      | Noticed Erolcha
  7930 | D:9      | Killed Erolcha
  7930 | D:9      | Offered knowledge of Stone Arrow by Vehumet.
  7998 | D:9      | Reached XP level 11. HP: 56/56 MP: 23/23
  8158 | D:9      | Found a snail-covered altar of Cheibriados.
  8158 | D:9      | Found a shattered altar of Ashenzari.
  8404 | D:8      | Noticed Maurice
  8651 | D:7      | Reached *** piety under Vehumet
  8813 | D:8      | Killed Maurice
  9051 | D:9      | Found a bloodstained altar of Trog.
  9065 | D:9      | Noticed a two-headed ogre
  9115 | D:9      | Killed a two-headed ogre
  9173 | D:9      | Found a bloodstained altar of Trog.
  9292 | D:10     | Entered Level 10 of the Dungeon
  9328 | D:10     | Reached skill level 5 in Dodging
  9672 | D:10     | Found Atiuts's Food Shoppe.
  9881 | D:10     | Found a staircase to the Lair.
 10015 | D:10     | Noticed Maggie
 10017 | D:10     | Found a portal to a secret trove of treasure.
 10040 | D:10     | Killed Maggie
 10050 | Trove    | Entered a treasure trove
 10068 | Trove    | Got a pair of ancient gloves
 10094 | Trove    | Got a smoking double sword
 10100 | Trove    | Identified the +1 double sword "Irhaacih" {vamp, rF- Dex+6}
                  | (You found it in a treasure trove)
 10113 | Trove    | Got a bloodstained quarterstaff
 10117 | Trove    | Identified the +10 quarterstaff "Muxi" {vamp, rPois MR+++
                  | Str-5} (You found it in a treasure trove)
 10122 | Trove    | Identified a scroll of acquirement
 10249 | Trove    | Identified the +0 pair of gloves of Liberalism {rPois rN+
                  | Dex+4} (You found it in a treasure trove)
 10259 | Trove    | Identified the +0 plate armour of the Comet {MP+9 Str+3
                  | Dex+3} (You acquired it in a treasure trove)
 10259 | Trove    | Identified Lom Lobon's Handbook of the Compass (You
                  | acquired it in a treasure trove)
 10259 | Trove    | Identified the ring "Bufaqoej" {rPois rN+ MR+ SInv} (You
                  | acquired it in a treasure trove)
 10515 | D:10     | Learned a level 3 spell: Ozocubu's Armour
 10518 | D:10     | Learned a level 2 spell: Song of Slaying
 10522 | D:10     | Learned a level 3 spell: Spectral Weapon
 10526 | D:10     | Learned a level 3 spell: Stone Arrow
 10544 | Lair:1   | Entered Level 1 of the Lair of Beasts
 10883 | Lair:1   | Noticed Urug
 10899 | Lair:1   | Killed Urug
 10899 | Lair:1   | Reached skill level 1 in Hexes
 10899 | Lair:1   | Reached skill level 1 in Ice Magic
 11239 | Lair:2   | Reached skill level 5 in Stealth
 11515 | Lair:2   | Gained mutation: You heal very quickly. [Vine Stalker
                  | growth]
 11515 | Lair:2   | Reached XP level 12. HP: 61/61 MP: 25/25
 11807 | Lair:3   | Noticed Gastronok
 11822 | Lair:3   | Killed Gastronok
 11870 | Lair:3   | Found a frozen archway.
 11907 | IceCv    | Entered an ice cave
 12687 | IceCv    | Noticed a frost giant
 12709 | IceCv    | Killed a frost giant
 12709 | IceCv    | Reached skill level 10 in Spellcasting
 12710 | IceCv    | HP: 2/62 [polar bear (11)]
 13339 | Lair:3   | Found a staircase to the Shoals.
 13346 | Lair:3   | Reached XP level 13. HP: 38/65 MP: 15/28
 13913 | Lair:4   | Found a staircase to the Snake Pit.
 13934 | Lair:4   | Reached skill level 5 in Ice Magic
 14035 | Lair:4   | Noticed Kirke
 14054 | Lair:4   | Killed Kirke
 14942 | Lair:5   | Reached skill level 5 in Short Blades
 15270 | D:11     | Offered knowledge of Olgreb's Toxic Radiance by Vehumet.
 15270 | D:11     | Reached skill level 10 in Long Blades
 15355 | D:11     | Reached skill level 1 in Earth Magic
 15839 | D:11     | Reached skill level 5 in Hexes
 15842 | D:11     | Reached skill level 5 in Charms
 15952 | D:11     | Learned a level 4 spell: Olgreb's Toxic Radiance
 16106 | D:12     | Reached **** piety under Vehumet
 16106 | D:12     | Reached XP level 14. HP: 66/72 MP: 19/30
 16107 | D:12     | Offered knowledge of Lightning Bolt by Vehumet.
 16317 | D:12     | Found a staircase to the Orcish Mines.
 16332 | D:12     | Reached ***** piety under Vehumet
 16332 | D:12     | Offered knowledge of Fireball by Vehumet.
 16357 | D:12     | Learned a level 5 spell: Fireball
 17098 | D:13     | Reached skill level 1 in Poison Magic
 17486 | D:14     | Found a stormy altar of Qazlal.
 17993 | D:15     | Entered Level 15 of the Dungeon
 18142 | D:15     | Found a gate leading to a gauntlet.
 18151 | Gauntlet | Entered a Gauntlet
 18151 | Gauntlet | Found a transporter.
 18151 | Gauntlet | Found a transporter.
 18164 | Gauntlet | Found a transporter.
 18166 | Gauntlet | Found a transporter.
 18172 | Gauntlet | Found a runed translucent door.
 18175 | Gauntlet | Found a transporter.
 18176 | Gauntlet | Found a transporter.
 18188 | Gauntlet | Found a transporter.
 18206 | Gauntlet | Found a transporter.
 18248 | Gauntlet | Found a transporter.
 18251 | Gauntlet | Found a transporter.
 18266 | Gauntlet | Found a transporter.
 18269 | Gauntlet | Found a transporter.
 18481 | Gauntlet | Identified Socem's Collected Works on Feathery Attacks
 18489 | Gauntlet | Learned a level 2 spell: Searing Ray
 18494 | Gauntlet | Learned a level 4 spell: Summon Lightning Spire
 18509 | Gauntlet | Reached skill level 1 in Air Magic
 18550 | Gauntlet | Identified the ring "Inwisobu" {+Inv rN+ Str-3 Int+2
                  | Slay+4} (You found it in a Gauntlet)
 18706 | Gauntlet | Identified the cursed +0 large shield of Fiat Ximm {rPois
                  | rN+ MP-9 Str+3}
 18706 | Gauntlet | Identified the ring of Egalitarianism {rPois MR+}
 18714 | Gauntlet | Identified the Catalogue of Hexes
 19155 | D:13     | Reached XP level 15. HP: 59/75 MP: 31/31
 19164 | D:13     | Found a gate to the Vaults.
 19378 | D:13     | Reached skill level 1 in Summonings
 19378 | D:13     | Reached skill level 1 in Evocations
 19418 | D:13     | Reached skill level 1 in Fire Magic
 20301 | Lair:5   | Noticed Bodu's ghost (journeyman NaFi)
 20449 | Lair:5   | Found a transporter.
 20455 | Lair:5   | Found a transporter.
 20924 | Lair:5   | Paralysed by a hornet for 2 turns
 20938 | Lair:5   | Killed Bodu's ghost
 21161 | D:8      | Killed Erica
 21252 | Orc:1    | Entered Level 1 of the Orcish Mines
 21287 | Orc:1    | Found a roughly hewn altar of Beogh.
 21650 | Orc:2    | Entered Level 2 of the Orcish Mines
 21680 | Orc:2    | Reached ****** piety under Vehumet
 21680 | Orc:2    | Offered knowledge of Lee's Rapid Deconstruction by Vehumet.
 21838 | Orc:2    | Found Wual's Antique Armour Shoppe.
 21839 | Orc:2    | Found Netsunk's Distillery.
 21913 | Orc:2    | Learned a level 5 spell: Lee's Rapid Deconstruction
 22039 | Orc:2    | Found a staircase to the Elven Halls.
 22307 | Orc:2    | Reached XP level 16. HP: 77/81 MP: 33/33
 22496 | Orc:2    | Found Ticypt's Antique Armour Shoppe.
 22496 | Orc:2    | Found Ciady's Antique Armour Shop.
 22681 | Orc:2    | Bought a pair of glowing boots for 202 gold pieces
 22749 | Orc:2    | Bought a pair of embroidered boots for 217 gold pieces
 22779 | Orc:2    | Bought a pair of scorched gloves for 256 gold pieces
 22781 | Orc:2    | Identified the +2 pair of gloves "Niprir" {-Cast rElec MP+9
                  | Slay+2} (You bought it in a shop on level 2 of the Orcish
                  | Mines)
 22785 | Orc:2    | Bought an amethyst-encrusted leather armour for 154 gold
                  | pieces
 22793 | Orc:2    | Identified the cursed +0 leather armour of Raghye {Int+7}
                  | (You bought it in a shop on level 2 of the Orcish Mines)
 23065 | Lair:6   | Entered Level 6 of the Lair of Beasts
 23528 | Lair:6   | Gained mutation: You have an increased reservoir of magic.
                  | (+10% MP) [potion of mutation]
 23528 | Lair:6   | Gained mutation: Your spells are a little easier to cast,
                  | but a little less powerful. [potion of mutation]
 23528 | Lair:6   | Gained mutation: You have sharp fingernails. [potion of
                  | mutation]
 23821 | Lair:6   | Offered knowledge of Iron Shot by Vehumet.
 24043 | Lair:6   | Found a staircase to the Slime Pits.
 24434 | D:15     | Found a staircase to the Depths.
 24463 | D:14     | Reached skill level 5 in Poison Magic
 24743 | D:15     | Noticed Nessos
 24753 | D:15     | Killed Nessos
 24840 | D:15     | Reached skill level 5 in Conjurations
 25124 | D:15     | Upgraded the game from 0.25-a0-429-g4e4398398a to
                  | 0.25-a0-435-g4b9beb1024
 25289 | Snake:1  | Entered Level 1 of the Snake Pit
 25750 | Snake:2  | Reached XP level 17. HP: 83/85 MP: 28/38
 25769 | Snake:2  | Found a flickering gateway to a bazaar.
 25789 | Bazaar   | Entered a bazaar
 25789 | Bazaar   | Found Janumo's Antique Weapon Shop.
 25801 | Bazaar   | Found Noedwie's Antique Armour Shop.
 25829 | Bazaar   | Found Esaseug's Distillery.
 25841 | Bazaar   | Bought a potion of berserk rage for 35 gold pieces
 25841 | Bazaar   | Bought 2 potions of haste for 140 gold pieces
 25856 | Bazaar   | Bought a glowing falchion for 138 gold pieces
 25884 | Bazaar   | Bought a runed cloak for 240 gold pieces
 26484 | Snake:1  | HP: 4/85 [salamander (9)]
 26884 | Snake:1  | Offered knowledge of Ozocubu's Refrigeration by Vehumet.
 26890 | Snake:1  | Reached skill level 5 in Summonings
 27484 | Snake:2  | Found an opulent altar of Gozag.
 27485 | Snake:2  | Found a runed translucent gate.
 27485 | Snake:2  | Found a runed translucent gate.
 27485 | Snake:2  | Found a runed translucent gate.
 27485 | Snake:2  | Noticed kinoniko's ghost (adept MiFi)
 27487 | Snake:2  | Found Meun's Assorted Antiques.
 27511 | Snake:2  | Reached skill level 5 in Fire Magic
 27522 | Snake:2  | Found Pahinec's Gadget Emporium.
 27522 | Snake:2  | Found Liovitri's Assorted Antiques.
 27547 | Snake:2  | Bought a glowing robe for 88 gold pieces
 28338 | Snake:3  | Learned a level 6 spell: Ozocubu's Refrigeration
 28666 | Snake:3  | Found Kengak's Weapon Shoppe.
 28678 | Snake:3  | HP: 3/85 [naga sharpshooter/arrow (15)]
 28684 | Snake:3  | Shot with a bolt by a naga sharpshooter

Levels and vault maps discovered:
D:1:      lemuel_arrival_lava_pool, layout_loops_cross
D:2:      layout_loops_ring, first_ration, minmay_liquid_box, st_stairs_5,
          serial_bayou_pond_d, nicolae_gozag_zags_fifth_avenue,
          uniq_crazy_yiuf_cottage
D:3:      layout_rooms, xom_teletrap_fun, uniq_sigmund, uniq_terence
D:4:      layout_loops_ring, nicolae_overflow_hidden_temple, elyvilon_altar_4,
          uniq_edmund
D:5:      layout_loops_ring, grunt_temple_overflow_lords_of_destruction,
          uniq_grinder, uniq_ijyb, uniq_pikel
D:6:      layout_rooms, minmay_temple_entry_overgrown, nicolae_evil_shop,
          uniq_prince_ribbit1, uniq_eustachio
D:7:      layout_basic, uniq_joseph
D:8:      layout_layer_cave, old_standard_altar, blue_anna_alchemist
          [blue_anna_fruit_fields, blue_anna_fruit_fields], serial_bayou_pond_b,
          uniq_maurice, uniq_erica
D:9:      layout_loops_ring, marbit_many_paths, gammafunk_temple_overflow_pools,
          trog_book, uniq_erolcha
D:10:     layout_long_grid, minmay_lair_entry_grove, serial_shops, shop,
          nicolae_trove_entry_crystal, uniq_maggie
D:11:     layout_basic, chequers_serial_rivers_micro_b
D:12:     layout_loops_corners, david_orc_2, special_room [special_room_bee]
D:13:     minmay_swirls_squares, layout_small_grid, david_vaults_4,
          chequers_arboretum
D:14:     layout_basic, hangedman_decor_lopped, nicolae_qazlal_style_of_elements
D:15:     gammafunk_depths_entry_grave, layout_gridville,
          minmay_misc_feat_columns, gauntlet_entry_generic, uniq_nessos
Lair:1:   layout_gridlike, patterned_corridor, uniq_urug
Lair:2:   layout_hall_layers, infiniplex_staircase_pool, serial_bayou_shore_b
Lair:3:   layout_hall_layers, elwin_shoals_entry_stream, portal_ice_cave_rime,
          uniq_gastronok
Lair:4:   layout_roguey, guppyfry_snake_entry_island, uniq_kirke
Lair:5:   beast_lair_carwin_large_2, layout_small_grid, special_room
          [special_room_mythical_zoo], gammafunk_ghost_hive
Lair:6:   hangedman_lair_tendril_chambers, layout_loops_ring,
          dpeg_slime_entry_corner, minivault_24
Snake:1:  layout_onion_interference, grunt_megastairs_1
Snake:2:  layout_chambers, ebering_ghost_gozag, serial_shops,
          bzr_entry_customers, minmay_shoptagon, serial_bayou_shore_a
Snake:3:  nicolae_snake_nest, layout_cave_town, serial_shops, nicolae_shop_stone
Orc:1:    layout_diamond_mine, basic_altar
Orc:2:    st_orc_ogre_mass, layout_diamond_mine

Skill      XL: |  1  2  3  4  5  6  7  8  9 10 11 12 13 14 15 16 17 |
---------------+----------------------------------------------------+-----
Fighting       | 2 3 4 5 6 7 8 |  8.2
Long Blades    | 2 3 4 5 6 7 9 10 11 12 13 | 13.4
Armour         | 1 2 3 |  3.7
Charms         | 1 2 3 4 5 6 |  6.7
Spellcasting   | 3 4 5 6 7 8 10 11 12 13 | 13.0
Throwing       | 1 2 |  2.8
Dodging        | 2 3 4 5 6 7 8 |  8.0
Stealth        | 2 3 4 5 6 |  6.7
Translocations | 4 5 |  5.6
Short Blades   | 2 3 4 5 |  5.4
Conjurations   | 2 4 5 |  5.6
Hexes          | 2 3 5 |  5.6
Ice Magic      | 2 4 6 7 8 9 |  9.2
Earth Magic    | 2 4 |  4.4
Poison Magic   | 2 4 5 6 |  6.0
Air Magic      | 1 3 4 |  4.2
Summonings     | 3 4 5 |  5.3
Evocations     | 2 3 4 |  4.3
Fire Magic     | 2 4 5 |  5.0

Action                   |  1- 3 |  4- 6 |  7- 9 | 10-12 | 13-15 | 16-18 || total
-------------------------+-------+-------+-------+-------+-------+-------++-------
Melee: Falchion          |    85 |   186 |   397 |   158 |       |       ||   826
       Bite              |    21 |    65 |   189 |   258 |   316 |   226 ||  1075
       Dagger            |       |       |   167 |   391 |   135 |    57 ||   750
       Long sword        |       |       |       |   228 |   784 |   579 ||  1591
       Great sword       |       |       |       |       |     1 |       ||     1
Throw: Boomerang         |       |     8 |    11 |    16 |    22 |     8 ||    65
       Javelin           |       |       |       |       |     1 |       ||     1
 Cast: Shroud of Golubri |    11 |    10 |    29 |    21 |       |       ||    71
       Blink             |       |    10 |     4 |     3 |     6 |     2 ||    25
       Magic Dart        |       |       |       |    28 |    21 |     1 ||    50
       Spectral Weapon   |       |       |       |    20 |    43 |    30 ||    93
       Ozocubu's Armour  |       |       |       |    20 |    51 |    31 ||   102
       Song of Slaying   |       |       |       |     4 |    16 |     9 ||    29
       Olgreb's Toxic Ra |       |       |       |       |    15 |     7 ||    22
       Stone Arrow       |       |       |       |       |     3 |    10 ||    13
       Fireball          |       |       |       |       |       |     2 ||     2
       Lee's Rapid Decon |       |       |       |       |       |     1 ||     1
 Abil: Evoke Invisibilit |       |       |       |       |       |     1 ||     1
Evoke: Wand              |       |       |     1 |     1 |    10 |       ||    12
       Box of beasts     |       |       |       |     1 |     1 |       ||     2
  Use: Scroll            |     4 |       |     2 |    26 |    16 |    16 ||    64
       Potion            |     1 |       |       |     5 |     9 |     2 ||    17
 Stab: Sleeping          |       |     1 |     4 |     6 |    10 |    16 ||    37
       Distracted        |       |       |     1 |     4 |     6 |     6 ||    17
       Invisible         |       |       |       |       |     2 |     2 ||     4
  Eat: Chunk             |     2 |     6 |    14 |    19 |    24 |     9 ||    74
       Ration            |       |       |       |     1 |     2 |     4 ||     7
Armor: Leather armour    |    21 |    58 |   179 |   122 |       |       ||   380
       Skin              |       |       |     7 |       |     2 |       ||     9
       Steam dragon scal |       |       |       |   141 |   398 |       ||   539
       Troll leather arm |       |       |       |       |     9 |   247 ||   256
Dodge: Dodged            |    42 |    82 |   325 |   424 |   627 |   438 ||  1938
Block: Other             |       |       |       |       |    80 |    99 ||   179
       Reflection        |       |       |       |       |     7 |     3 ||    10
       Rpst.: Falchion   |    14 |    29 |    77 |    19 |       |       ||   139
       Long sword        |       |       |       |    37 |   129 |    84 ||   250

Table legend:
 A = Non-vault XP
 B = Vault XP
 C = Vault XP percentage of total XP
 D = Non-vault monster count
 E = Vault monster count
 F = Vault count percentage of total count
                 A         B        C        D         E       F
            +---------+---------+-------+---------+---------+-------
      Total |  118060 |   96465 |  45.0 |     619 |     276 |  30.8
            +---------+---------+-------+---------+---------+-------
        D:1 |      22 |       0 |   0.0 |      13 |       0 |   0.0
        D:2 |     156 |      57 |  26.8 |      31 |       4 |  11.4
        D:3 |     198 |     244 |  55.2 |      28 |       2 |   6.7
        D:4 |     361 |     171 |  32.1 |      23 |       2 |   8.0
        D:5 |     625 |     950 |  60.3 |      22 |       4 |  15.4
        D:6 |     658 |     465 |  41.4 |      27 |       2 |   6.9
        D:7 |    1562 |     419 |  21.2 |      33 |       1 |   2.9
        D:8 |     707 |    1478 |  67.6 |      18 |       3 |  14.3
        D:9 |    3049 |    1134 |  27.1 |      35 |       2 |   5.4
       D:10 |    2071 |    1814 |  46.7 |      15 |      13 |  46.4
       D:11 |    7586 |       0 |   0.0 |      29 |       0 |   0.0
       D:12 |    2665 |    2652 |  49.9 |      26 |      32 |  55.2
       D:13 |    9380 |   12197 |  56.5 |      51 |      19 |  27.1
       D:14 |    4888 |    2437 |  33.3 |      13 |       3 |  18.8
       D:15 |   15062 |    5590 |  27.1 |      44 |       6 |  12.0
     Lair:1 |     863 |     855 |  49.8 |       5 |       1 |  16.7
     Lair:2 |    2512 |       0 |   0.0 |      15 |       0 |   0.0
     Lair:3 |    2361 |    3915 |  62.4 |      11 |       7 |  38.9
     Lair:4 |   12242 |    3453 |  22.0 |      29 |       6 |  17.1
     Lair:5 |    7062 |   13038 |  64.9 |      18 |      41 |  69.5
     Lair:6 |    7007 |   10111 |  59.1 |      18 |      35 |  66.0
    Snake:1 |   18344 |    3444 |  15.8 |      38 |       5 |  11.6
    Snake:2 |    7128 |       6 |   0.1 |      17 |       2 |  10.5
    Snake:3 |    6809 |       0 |   0.0 |      12 |       0 |   0.0
      Orc:1 |    3373 |       0 |   0.0 |      29 |       0 |   0.0
      Orc:2 |    1369 |   17416 |  92.7 |      19 |      38 |  66.7
      IceCv |       0 |    9545 | 100.0 |       0 |      36 | 100.0
   Gauntlet |       0 |    5074 | 100.0 |       0 |      12 | 100.0
            +---------+---------+-------+---------+---------+-------
